AoeStats
← Theluckyman7467

Socotra

506514848Analyzed
3v3 RM · 18d ago on Sep 13, 2026· 22m 54s· 6 players
Game mode
Random Map
Map size
128×128
Population
200
Speed
Normal
Resources
Standard
Victory
Conquest
Starting age
Dark Age
Ending age
Imperial Age
RankedLock teamsTeams togetherTeam positionsShared explorationLock speedFull tech treeHidden civsTurbo modeCheats
Victory
Defeat
🇮🇳 Goths · India
1014
+17
🇮🇳 Inca · India
1002
+18
🇮🇳 Armenians · India
913
+21
🇺🇾 Armenians · Uruguay
1083
-21
🇺🇾 Slavs · Uruguay
1079
-20
🇦🇷 Cumans · Argentina
952
-15
Maximo7z
7:33 Loom
14:15 Feudal Age
14:29 Man-at-Arms
Theluckyman7467
6:27 Loom
11:17 Feudal Age
12:51 Double-Bit Axe
14:45 Gold Mining
14:46 Man-at-Arms
20:12 Wheelbarrow
21:48 Forging
21:58 Town Watch
Jelonz
7:30 Loom
11:23 Feudal Age
11:38 Man-at-Arms
18:30 Double-Bit Axe
lonelion_
6:34 Loom
11:31 Feudal Age
11:44 Man-at-Arms
16:57 Scale Mail Armor
17:12 Forging
19:38 Double-Bit Axe
19:42 Horse Collar
The Underwear Man
1:13 Loom
12:24 Feudal Age
13:07 Man-at-Arms
14:31 Scale Mail Armor
14:20 Long Swordsman
16:05 Forging
23:30 Wheelbarrow
Shanks ehh
0:55 Loom
17:12 Feudal Age
17:14 Champi Runner
17:40 Arson
20:09 Scale Mail Armor
20:19 Forging
20:28 Double-Bit Axe
20:57 Horse Collar
21:09 Gold Mining
21:10 Stone Mining
Connection lost

Rejoining the realm…

Still unreachable

The connection could not be restored.

Session expired

The server has moved on; the page needs a fresh start.